 Dungeon Crawl Stone Soup version 0.25-a0-516-g7d600cd (webtiles) character file.

Game seed: 6259060184139843318, levelgen mode: deterministic

17278 2tousent the Frost Mage (level 12, -7/82 HPs)
             Began as a Merfolk Ice Elementalist on Feb 16, 2020.
             Was an Elder of Ru.
             Killed from afar by a rime drake (23 damage)
             ... with a flash freeze
             ... on level 2 of the Lair of Beasts.
             The game lasted 01:13:08 (18710 turns).

2tousent the Frost Mage (Merfolk Ice Elementalist) Turns: 18710, Time: 01:13:09

Health: -7/82      AC:  6    Str:  9    XL:     12   Next: 46%
Magic:  1/18       EV: 17    Int: 18    God:    Ru [****..]
Gold:   449        SH:  0    Dex: 15    Spells: 5/19 levels left

rFire    . . .     SeeInvis .   P - +1 trident (venom)
rCold    . . .     Gourm    +   (no shield)
rNeg     . . .     Faith    .   a - +0 robe
rPois    .         Spirit   .   O - +1 hat
rElec    .         Reflect  .   x - +0 cloak
rCorr    +         Harm     .   n - +1 pair of gloves
MR       .....                  (no boots)
Stlth    ..........             N - amulet of the gourmand
HPRegen  0.23/turn              q - ring of resist corrosion
MPRegen  0.16/turn              (no ring)

@: lethally poisoned (-7 -> -8)
A: change form in water, swift swim, stealthy swim, frail 1, no stealth,
inexperienced 1
a: Draw Out Power, Power Leap, Renounce Religion


You were on level 2 of the Lair of Beasts.
You worshipped Ru.
Ru was greatly pleased with you.
You were not hungry.

You visited 3 branches of the dungeon, and saw 15 of its levels.

You collected 644 gold pieces.
You spent 195 gold pieces at shops.

Inventory:

Hand Weapons
 e - a +1 dagger
 j - a +1 halberd of pain
 o - a +0 spear
 A - a +0 halberd
 K - a +1 vorpal spear
 P - a +1 trident of venom (weapon)
Missiles
 h - 6 throwing nets (quivered)
Armour
 a - a +0 robe (worn)
 k - a +0 helmet
 n - a +1 pair of gloves (worn)
 x - a +0 cloak (worn)
 E - +0 acid dragon scales
 O - a +1 hat (worn)
Magical Staves
 G - an uncursed staff of air
Jewellery
 q - a ring of resist corrosion (left hand)
 F - a cursed ring of teleportation
 I - an uncursed ring of ice
 N - an amulet of the gourmand (around neck)
Wands
 d - a wand of acid (7)
 u - a wand of polymorph (7)
 y - a wand of flame (24)
 D - a wand of paralysis (10)
 H - a wand of enslavement (11)
 M - a wand of iceblast (4)
 Q - a wand of digging (2)
Scrolls
 b - 4 scrolls of amnesia
 l - 11 scrolls of teleportation
 s - 4 scrolls of enchant weapon
 t - 6 scrolls of magic mapping
 C - 3 scrolls of enchant armour
 J - 4 scrolls of remove curse
 S - a scroll of identify
 T - a scroll of fear
Potions
 f - 7 potions of curing
 g - 3 potions of might
 i - 2 potions of degeneration
 m - a potion of lignification
 p - 2 potions of flight
 r - a potion of ambrosia
 v - 2 potions of magic
 w - 6 potions of brilliance
 z - 2 potions of agility
 B - a potion of resistance {unknown}
Miscellaneous
 L - a lightning rod (4/4)
Comestibles
 c - 31 rations


   Skills:
 - Level 8.0 Fighting
 * Level 13.9 Polearms
 + Level 3.3 Armour
 - Level 8.0 Dodging
 - Level 4.0 Spellcasting
 - Level 4.0 Conjurations
 - Level 2.1 Charms
 - Level 4.0 Summonings
 - Level 14.1 Ice Magic


You had 5 spell levels left.
You knew the following spells:

 Your Spells              Type           Power        Failure   Level  Hunger
a - Summon Ice Beast      Ice/Summ       #####...     3%          4    ####...
b - Frozen Ramparts       Ice            ######       1%          3    ###....
c - Hailstorm             Conj/Ice       #####...     3%          4    ####...
d - Ozocubu's Armour      Chrm/Ice       ####....     1%          3    ###....

Your spell library contained the following spells:

 Spells                   Type           Power        Failure   Level  Hunger
 Freeze                   Ice            ####         1%          1    None
 Sandblast                Erth           #.....       14%         1    None
 Stone Arrow              Conj/Erth      ##....       19%         3    ###....
 Passwall                 Tmut/Erth      #.......     22%         2    ##.....
 Metabolic Englaciation   Hex/Ice        ####......   22%         5    ######.
 Confusing Touch          Hex            #.......     41%         3    ###....
 Gell's Gravitas          Tloc           #.........   41%         3    ###....
 Petrify                  Tmut/Erth      #.......     82%         4    ####...
 Lee's Rapid Deconstruct  Erth           #.........   99%         5    ######.
 Yara's Violent Unravell  Hex/Tmut       #.........   99%         5    ######.


Dungeon Overview and Level Annotations

Branches:
Dungeon (12/15)            Temple (1/1) D:4            Lair (2/6) D:9
    Orc (0/2) D:9
  Swamp: Lair:2-4    Shoals: Lair:2-4     Snake: Lair:2-4    Spider: Lair:2-4

Altars:
Ashenzari
Cheibriados
Dithmenos
Elyvilon
Fedhas
Gozag
Hepliaklqana
Kikubaaqudgha
Makhleb
Nemelex Xobeh
Okawaru
Qazlal
Ru
Sif Muna
Trog
Uskayaw
Vehumet
Wu Jian
Xom
Yredelemnul
Zin
The Shining One
Beogh

Shops:
D:8 !


Innate Abilities, Weirdness & Mutations

You revert to your normal form in water.
You are very nimble and swift while swimming.
You are very stealthy in the water. (Stealth+)
You are frail. (-10% HP)
You cannot be stealthy.
You are somewhat inexperienced. (-2 XL)


Message History

Gang up on whom?
Press: ? - help, Dir - move target cursor, f - rime drake
Aim: a rime drake Attack!
Your ice beast disappears in a puff of smoke! x2
Casting: Summon Ice Beast (safe; 3% risk of failure)
Confirm with . or Enter, or press ? or * to list all spells.
A chill wind blows around you.
Unknown command.
The rime drake breathes ice at you. The flash freeze hits your ice beast!
Your ice beast partially resists.
Your ice beast is flash-frozen.
You feel sick.
Casting: Summon Ice Beast (safe; 3% risk of failure)
Confirm with . or Enter, or press ? or * to list all spells.
A chill wind blows around you.
Your ice beast is no longer encased in ice.
The rime drake breathes ice at you. The flash freeze hits you!!
You die...

.### ##.#...###....# ##
##......#...## # #..........## #
#......<...# # ##.........##
##......#...# #.....###...#
#...........## .. #.........@..##
... ###.............# ....
####.#.........Y..#### ##....
##.##.......#....k..#.## #......
#................Y.....###...#...
......................††#P....#..
.................................
............................"....
.................................


You could see a rime drake and 2 friendly ice beasts.

Vanquished Creatures
  Gastronok (D:9)
  Fannar (Lair:2)
  Harold (D:11)
  Psyche (D:11)
  4 black mambas
  A centaur skeleton (D:11)
  Maggie (D:7)
  5 spiny frogs
  2 komodo dragons (Lair:1)
  A troll (D:11)
  4 hippogriffs
  A wyvern (D:9)
  3 hogs (D:8)
  19 yaks
  A basilisk (Lair:1)
  3 water moccasins
  Duvessa (D:4)
  3 porcupines
  An ice beast (D:7)
  3 orc warriors
  5 sky beasts
  A phantom (D:6)
  2 black bears (D:9)
  3 necrophages
  An ogre (D:8)
  6 crocodiles
  2 big kobolds
  16 bullfrogs
  2 gnoll sergeants
  Dowan (D:4)
  2 wyvern skeletons
  4 scorpions
  A water moccasin skeleton (D:9)
  8 killer bees
  2 electric eels (D:10)
  6 howler monkeys
  2 vampire bats (D:10)
  A bullfrog zombie (D:10)
  A jelly (D:7)
  4 crimson imps
  A centaur zombie (D:5)
  A quasit (D:9)
  A gnoll shaman (D:9)
  10 orc priests
  Crazy Yiuf (D:4)
  9 hounds
  4 bullfrog skeletons
  An iron imp (D:8)
  Terence (D:2)
  4 iguanas
  16 orc wizards
  7 worker ants
  2 hound skeletons (D:6)
  A howler monkey zombie (D:11)
  Robin (D:3)
  13 gnolls
  20 adders
  2 shadow imps
  A white imp (D:7)
  2 oozes
  An adder zombie (D:7)
  2 adder skeletons
  A worm (D:2)
  5 leopard geckos
  40 orcs
  A ball python (D:3)
  6 giant cockroaches
  15 goblins
  10 hobgoblins
  18 kobolds
  6 quokkas
  17 bats
  A frilled lizard (D:2)
  A goblin zombie (D:7)
  3 hobgoblin zombies (D:7)
  A jackal skeleton (D:4)
  A kobold skeleton (D:7)
  A kobold zombie (D:6)
  2 leopard gecko skeletons
  3 orc skeletons (D:7)
  4 orc zombies
  8 rats
  3 fungi
375 creatures vanquished.

Vanquished Creatures (collateral kills)
  A hydra (Lair:2)
  2 two-headed ogres
  An ugly thing (D:11)
  A cyclops (D:10)
  A hippogriff (D:11)
  A yak (D:8)
  A human (D:8)
  Eustachio (D:5)
  A hungry ghost (D:7)
  An orc warrior (D:9)
  A centaur (D:6)
  Blork the orc (D:6)
  A gnoll sergeant (D:6)
  An orc priest (D:6)
  An orc wizard (D:6)
  A mummy (D:6)
  6 gnolls
  2 adders
  3 orcs
  A hobgoblin zombie (D:6)
29 creatures vanquished.

Vanquished Creatures (others)
  Menkaure (D:7)
  61 fungi
  40 plants
102 creatures vanquished.

Grand Total: 506 creatures vanquished

Notes
Turn   | Place    | Note
-------+----------+-------------------------------------------
     0 | D:1      | 2tousent the Merfolk Ice Elementalist began the quest for
                  | the Orb.
     0 | D:1      | Reached XP level 1. HP: 13/13 MP: 3/3
   281 | D:1      | Reached skill level 5 in Ice Magic
   281 | D:1      | Reached XP level 2. HP: 10/19 MP: 0/5
   686 | D:1      | Reached XP level 3. HP: 21/24 MP: 6/6
   691 | D:1      | Learned a level 3 spell: Frozen Ramparts
   736 | D:1      | You fall into a shaft and drop 1 floor!
  1722 | D:2      | Noticed Terence
  1731 | D:2      | Reached skill level 6 in Ice Magic
  1757 | D:2      | Killed Terence
  1757 | D:2      | Reached XP level 4. HP: 18/30 MP: 0/7
  2330 | D:3      | Reached XP level 5. HP: 24/35 MP: 2/8
  2496 | D:3      | Reached skill level 7 in Ice Magic
  2752 | D:3      | Reached XP level 6. HP: 29/41 MP: 6/10
  2764 | D:3      | Learned a level 4 spell: Hailstorm
  2768 | D:3      | Learned a level 3 spell: Ozocubu's Armour
  2911 | D:3      | Found a shimmering blue altar of Sif Muna.
  2911 | D:3      | Found a basalt altar of Yredelemnul.
  2933 | D:3      | Noticed Robin
  3000 | D:3      | Killed Robin
  3475 | D:4      | Found a staircase to the Ecumenical Temple.
  3549 | Temple   | Entered the Ecumenical Temple
  3905 | D:4      | Reached skill level 1 in Charms
  3989 | D:4      | Reached skill level 1 in Conjurations
  4350 | D:4      | Found a runed translucent door.
  4351 | D:4      | Noticed Crazy Yiuf
  4372 | D:4      | Killed Crazy Yiuf
  4372 | D:4      | Reached XP level 7. HP: 46/46 MP: 8/12
  4460 | D:4      | Noticed Dowan
  4462 | D:4      | Noticed Duvessa
  4470 | D:4      | Killed Duvessa
  4471 | D:4      | Killed Dowan
  4998 | D:5      | Entered Level 5 of the Dungeon
  5051 | D:5      | Found a shimmering blue altar of Sif Muna.
  5067 | D:5      | Learned a level 4 spell: Summon Ice Beast
  5318 | D:5      | Reached skill level 8 in Ice Magic
  5320 | D:5      | Reached skill level 1 in Polearms
  5320 | D:5      | Reached skill level 1 in Summonings
  5341 | D:5      | Found a bloodstained altar of Trog.
  5390 | D:5      | Found a shattered altar of Ashenzari.
  5425 | D:5      | Reached XP level 8. HP: 52/52 MP: 0/14
  5658 | D:5      | Found a sacrificial altar of Ru.
  5659 | D:5      | Found a sparkling altar of Nemelex Xobeh.
  5678 | D:5      | Noticed Eustachio
  5697 | D:5      | Killed Eustachio
  5721 | D:5      | Found a burning altar of Makhleb.
  6314 | D:6      | Reached skill level 9 in Ice Magic
  6450 | D:6      | Reached XP level 9. HP: 32/57 MP: 4/15
  6843 | D:6      | Found an ancient bone altar of Kikubaaqudgha.
  6970 | D:5      | Found a blossoming altar of Fedhas.
  6978 | D:5      | Became a worshipper of Ru the Awakened
  7364 | D:6      | Noticed Blork the orc
  7411 | D:6      | Killed Blork the orc
  7454 | D:6      | Reached skill level 1 in Fighting
  7654 | D:6      | Reached skill level 5 in Polearms
  8014 | D:7      | Reached skill level 10 in Ice Magic
  8190 | D:7      | Noticed Maggie
  8191 | D:7      | Noticed Menkaure
  8206 | D:7      | Killed Menkaure
  8216 | D:7      | Killed Maggie
  9024 | D:7      | Found a glowing golden altar of the Shining One.
  9123 | D:7      | Reached skill level 5 in Dodging
  9126 | D:7      | Reached XP level 10. HP: 61/70 MP: 9/16
  9948 | D:8      | Reached skill level 11 in Ice Magic
 10326 | D:8      | Found Gitz's Distillery.
 10329 | D:8      | Bought a potion of haste for 130 gold pieces
 10329 | D:8      | Bought a potion of heal wounds for 65 gold pieces
 10371 | D:8      | Found a snail-covered altar of Cheibriados.
 10755 | D:8      | Gained mutation: You are somewhat inexperienced. (-2 XL)
                  | [Ru sacrifice]
 10755 | D:8      | Reached XP level 9. HP: 65/65 MP: 15/15
 10755 | D:8      | Reached XP level 8. HP: 60/60 MP: 14/14
 10755 | D:8      | Reached * piety under Ru
 10755 | D:8      | Reached ** piety under Ru
 10779 | D:9      | Noticed a hippogriff
 10786 | D:9      | Killed a hippogriff
 10961 | D:9      | Noticed a yak
 10962 | D:9      | Noticed a hippogriff
 10963 | D:9      | Noticed a hippogriff
 10964 | D:9      | Found a staircase to the Lair.
 10975 | D:9      | Noticed a wyvern
 10979 | D:9      | Killed a yak
 10979 | D:9      | Reached skill level 12 in Ice Magic
 10979 | D:9      | Reached XP level 9. HP: 51/65 MP: 4/15
 10986 | D:9      | Noticed a two-headed ogre
 10991 | D:9      | Noticed Gastronok
 11223 | D:9      | Found a staircase to the Orcish Mines.
 11232 | D:9      | Found a roughly hewn altar of Beogh.
 11472 | D:9      | Reached skill level 13 in Ice Magic
 11472 | D:9      | Reached XP level 10. HP: 69/71 MP: 0/16
 11473 | D:9      | Reached skill level 10 in Polearms
 12287 | D:9      | Killed Gastronok
 12431 | D:9      | Killed a two-headed ogre
 12532 | D:10     | Entered Level 10 of the Dungeon
 13195 | D:10     | Noticed a two-headed ogre
 13207 | D:10     | Killed a two-headed ogre
 13207 | D:10     | Reached XP level 11. HP: 78/78 MP: 2/17
 13424 | D:10     | Noticed a cyclops
 13433 | D:10     | Killed a cyclops
 14036 | D:10     | Gained mutation: You cannot be stealthy. [Ru sacrifice]
 14177 | D:11     | Noticed Psyche
 14186 | D:11     | Killed Psyche
 14186 | D:11     | Reached skill level 14 in Ice Magic
 14203 | D:11     | Reached skill level 1 in Armour
 14337 | D:11     | Reached skill level 5 in Fighting
 14605 | D:11     | Found a shimmering blue altar of Sif Muna.
 14605 | D:11     | Noticed Harold
 14619 | D:11     | Killed Harold
 15113 | D:11     | Noticed a brown ugly thing
 15123 | D:11     | Killed a brown ugly thing
 15318 | Lair:1   | Entered Level 1 of the Lair of Beasts
 16298 | Lair:1   | Reached XP level 12. HP: 88/89 MP: 3/18
 17087 | Lair:2   | Gained mutation: You are frail. (-10% HP) [Ru sacrifice]
 17087 | Lair:2   | Reached *** piety under Ru
 17087 | Lair:2   | Reached **** piety under Ru
 17599 | Lair:2   | Noticed Fannar
 17634 | Lair:2   | Killed Fannar
 17887 | Lair:2   | Noticed a six-headed hydra
 18222 | Lair:2   | Killed a six-headed hydra
 18710 | Lair:2   | Killed from afar by a rime drake

Levels and vault maps discovered:
D:1:      minmay_arrival_solitary_statue, layout_rooms
D:2:      kennysheep_big_flooded_room, layout_basic, first_ration,
          dk_vineyard_3, minmay_fountain_box, small_statue_intersection,
          uniq_terence
D:3:      layout_rooms, gammafunk_temple_overflow_elements, uniq_robin
D:4:      layout_loops_corners, minmay_temple_entry_glassed_door,
          uniq_crazy_yiuf_cottage, uniq_duvessa
D:5:      layout_rooms, nicolae_overflow_hidden_temple, basic_altar,
          makhleb_blood_cavern_becter, uniq_eustachio
D:6:      layout_loops_ring, kiku_gazebo_garden_becter, minmay_mini_ossuary,
          uniq_blork_the_orc
D:7:      layout_loops_ring, nicolae_tso_besieged_by_evil, uniq_menkaure,
          uniq_maggie
D:8:      layout_basic, slow_altar_2, serial_shops, shop, grunt_livestock
D:9:      layout_basic, due_lair_maze_entry_diamond,
          minmay_orc_entry_temple_small, uniq_gastronok
D:10:     layout_basic, fungi_pond_lemuel, roderic_batcave,
          hangedman_abyss_or_decor_stabs
D:11:     layout_loops_ring, basic_altar, uniq_harold, uniq_psyche
D:12:     layout_basic, serial_corexii_hall, corexii_hall_statues_l,
          chequers_hall_statues_corner_a, serial_shops, shop,
          hangedman_tree_tricks, disabler_island, uniq_josephine
Temple:   hc_temple_tempest_star
Lair:1:   minmay_lair_venomous_thicket, layout_small_grid
Lair:2:   layout_hall_layers, lemuel_fruit_tree, lemuel_fruit_fields,
          grunt_megastairs_3, uniq_fannar

Skill      XL: |  1  2  3  4  5  6  7  8  9 10 11 12 |
---------------+-------------------------------------+-----
Ice Magic      | 5 6 7 8 12 13 11 14 | 14.1
Spellcasting   | 3 4 |  4.0
Charms         | 1 2 |  2.1
Conjurations   | 1 2 4 |  4.0
Polearms       | 1 3 9 11 12 13 | 13.9
Summonings     | 1 3 4 |  4.0
Dodging        | 5 8 |  8.0
Fighting       | 3 4 6 8 |  8.0
Stealth        | 0 |  0.0
Armour         | 2 3 |  3.3

Action                   |  1- 3 |  4- 6 |  7- 9 | 10-12 || total
-------------------------+-------+-------+-------+-------++-------
Melee: Unarmed           |     8 |       |       |       ||     8
       Dagger            |    52 |   105 |    28 |       ||   185
       Spear             |       |       |   293 |   136 ||   429
       Trident           |       |       |       |   302 ||   302
Throw: Throwing net      |       |       |     1 |       ||     1
 Cast: Freeze            |    23 |     6 |       |       ||    29
       Frozen Ramparts   |    11 |    24 |    65 |    57 ||   157
       Ozocubu's Armour  |       |     7 |    16 |     7 ||    30
       Summon Ice Beast  |       |       |    21 |    24 ||    45
       Hailstorm         |       |       |    15 |    35 ||    50
Invok: Sacrifice Experie |       |       |     1 |       ||     1
       Sacrifice Stealth |       |       |       |     1 ||     1
       Power Leap        |       |       |       |     3 ||     3
       Draw Out Power    |       |       |       |     1 ||     1
       Sacrifice Health  |       |       |       |     1 ||     1
Evoke: Wand              |       |       |     2 |       ||     2
  Use: Scroll            |       |       |    22 |     5 ||    27
       Potion            |       |       |     8 |     3 ||    11
 Stab: Sleeping          |     2 |     1 |     2 |     2 ||     7
       Distracted        |       |       |       |     3 ||     3
       Paralysed         |       |       |       |     6 ||     6
       Invisible         |       |       |       |     1 ||     1
  Eat: Chunk             |     4 |    11 |    26 |    36 ||    77
       Ration            |       |       |     2 |     3 ||     5
Armor: Robe              |    25 |    27 |    39 |    45 ||   136
       Skin              |       |       |    29 |       ||    29
Dodge: Dodged            |    59 |    75 |   134 |   179 ||   447

Table legend:
 A = Non-vault XP
 B = Vault XP
 C = Vault XP percentage of total XP
 D = Non-vault monster count
 E = Vault monster count
 F = Vault count percentage of total count
                 A         B        C        D         E       F
            +---------+---------+-------+---------+---------+-------
      Total |   19616 |   10081 |  33.9 |     312 |      90 |  22.4
            +---------+---------+-------+---------+---------+-------
        D:1 |      55 |       0 |   0.0 |      26 |       0 |   0.0
        D:2 |      33 |      40 |  54.8 |      13 |       3 |  18.8
        D:3 |     237 |      35 |  12.9 |      23 |      11 |  32.4
        D:4 |     264 |     260 |  49.6 |      14 |       3 |  17.6
        D:5 |     534 |     138 |  20.5 |      23 |       2 |   8.0
        D:6 |    1582 |      78 |   4.7 |      40 |       6 |  13.0
        D:7 |    1017 |     528 |  34.2 |      29 |      13 |  31.0
        D:8 |     962 |     975 |  50.3 |      20 |       6 |  23.1
        D:9 |    2711 |    3699 |  57.7 |      41 |      19 |  31.7
       D:10 |    2237 |     124 |   5.3 |      23 |      10 |  30.3
       D:11 |    3441 |    1255 |  26.7 |      29 |       2 |   6.5
     Lair:1 |    3418 |     958 |  21.9 |      17 |      12 |  41.4
     Lair:2 |    3125 |    1991 |  38.9 |      14 |       3 |  17.6
            +---------+---------+-------+---------+---------+-------
